 Dungeon Crawl Stone Soup version 0.25-b1-29-g4cfa5c7 (webtiles) character file.

Game seed: 7074771961609386324, levelgen mode: deterministic

40 Dorkslayer the Skirmisher (level 3, -2/29 HPs)
             Began as a Demonspawn Fighter on June 4, 2020.
             Slain by Sigmund
             ... wielding a +0 scythe
              (3 damage)
             ... on level 2 of the Dungeon.
             The game lasted 00:03:22 (764 turns).

Dorkslayer the Skirmisher (Demonspawn Fighter)       Turns: 764, Time: 00:03:23

Health: -2/29      AC:  6    Str: 17    XL:     3   Next: 30%
Magic:  3/3        EV:  7    Int:  9    God:
Gold:   34         SH:  9    Dex: 18    Spells: 2/2 levels left

rFire    . . .     SeeInvis .   a - +0 long sword
rCold    . . .     Gourm    .   c - +0 kite shield
rNeg     . . .     Faith    .   b - +0 scale mail
rPois    .         Spirit   .   (no helmet)
rElec    .         Reflect  .   (no cloak)
rCorr    .         Harm     .   (no gloves)
MR       .....                  (no boots)
Stlth    ..........             (no amulet)
HPRegen  0.09/turn              k - +6 ring of dexterity
MPRegen  0.08/turn              (no ring)

@: mighty, berserk cooldown, slowed, very slow
A: powered by pain 1
a: no special abilities


You were on level 2 of the Dungeon.
You were not hungry.

You visited 1 branch of the dungeon, and saw 2 of its levels.

You collected 34 gold pieces.

Inventory:

Hand Weapons
 a - a +0 long sword (weapon)
Missiles
 e - 4 boomerangs (quivered)
Armour
 b - a +0 scale mail (worn)
 c - a +0 kite shield (worn)
Jewellery
 k - a +6 ring of dexterity (left hand)
Scrolls
 g - 3 scrolls of remove curse
 l - a scroll of teleportation {unknown}
 m - a scroll of identify {unknown}
Potions
 j - a potion of berserk rage
Comestibles
 f - a ration
 h - 3 chunks of flesh


   Skills:
 + Level 3.2 Fighting
 + Level 1.9 Long Blades
 * Level 0.9 Throwing
 + Level 3.1 Armour
 + Level 0.1 Dodging
 + Level 3.2 Shields


You had 2 spell levels left.
You didn't know any spells.
Your spell library was empty.

Dungeon Overview and Level Annotations

Branches:
Dungeon (2/15)

Altars:

Annotations:
D:2 Sigmund


Innate Abilities, Weirdness & Mutations

You sometimes gain a little power by taking damage.


Message History

The hobgoblin hits you but does no damage.
You hear some strange, mumbled words.
Something tries to affect you, but you resist.
You block the hobgoblin's attack. The bat hits you but does no damage.
The bat closely misses you. Something hits you.
You block the bat's attack. x2; You block the hobgoblin's attack.
The bat hits you but does no damage. The bat completely misses you.
You block the bat's attack. The bat hits you but does no damage.
You closely miss the bat. You block the bat's attack. Something hits you!
* * * LOW HITPOINT WARNING * * *
You block the hobgoblin's attack.
You hit the hobgoblin.
The hobgoblin is almost dead.
The hobgoblin hits you but does no damage.
Something hits you.
* * * LOW HITPOINT WARNING * * *
The hobgoblin hits you but does no damage.
Something hits you.
You die...

#........#.#.....
#........#.#.....
##.......#.#.....
#.......#.#.....
#.......#....... .
...###.รท#.........###
...........######....#
.....#####..## #....#
#...@g....# #....#
#'######..# #.##.#
.........# #.##.#
.....)...# #.##.#
.......%.# ..# .#
..........<##.#
..........###.#
...............
........#.###.#


You could see a hobgoblin.

Vanquished Creatures
  2 adders (D:2)
  A dart slug (D:1)
  3 hobgoblins
  2 jackals (D:1)
  2 bats (D:1)
  2 frilled lizards (D:1)
  3 kobolds (D:1)
  7 rats
22 creatures vanquished.

Notes
Turn   | Place    | Note
-------+----------+-------------------------------------------
     0 | D:1      | Dorkslayer the Demonspawn Fighter began the quest for the
                  | Orb.
     0 | D:1      | Reached XP level 1. HP: 18/18 MP: 1/1
   112 | D:1      | Gained mutation: You sometimes gain a little power by
                  | taking damage. [demonic ancestry]
   112 | D:1      | Reached XP level 2. HP: 3/24 MP: 2/2
   676 | D:1      | You fall into a shaft and drop 1 floor!
   693 | D:2      | Reached XP level 3. HP: 23/29 MP: 3/3
   739 | D:2      | Noticed Sigmund
   764 | D:2      | HP: 1/29 [something (3)]
   764 | D:2      | Slain by Sigmund

Illustrated notes

Levels and vault maps discovered:
D:1:      saegor_arrival_simple_a, layout_basic, minmay_misc_feat_columns
D:2:      layout_basic, uniq_sigmund

Skill      XL: |  1  2 |
---------------+-------+-----
Armour         | 3 |  3.1
Shields        | 3 |  3.2
Fighting       | |  3.2
Long Blades    | |  1.9
Throwing       | |  0.9
Dodging        | |  0.1

Action                   || total
-------------------------++-------
Melee: Long sword        ||    80
Throw: Boomerang         ||    12
  Use: Scroll            ||     1
       Potion            ||     3
Armor: Scale mail        ||    65
Dodge: Dodged            ||    25
Block: Kite shield       ||    63
       Rpst.: Long sword ||     5
